| TOP OF THE 1ST |
|
Sacramento River Cats batting - Pitching for Syracuse Chiefs : RHP Cory Jones
|
|
Pitching: RHP Cory Jones
|
|
|
Batting: RHB Bill Defazio
|
0-0: Called Strike 0-1: Called Strike 0-2: Ball 1-2: Ball 2-2: Foul Ball, location: 2F 2-2: Foul Ball, location: 2F 2-2: Reached via error on a dropped throw from 1B, E1 (Groundball, 34, EV 78.8 MPH)
|
|
Batting: LHB Ryan Braden
|
0-0: Called Strike 0-1: Ball 1-1: Swinging Strike 1-2: Strikes out swinging
|
|
Batting: LHB Kevin Kantor
|
0-0: Called Strike Bill Defazio steals 2nd base 0-1: Ball Bill Defazio steals 3rd base 1-1: Fly out, F7 (Flyball, 7LS, EV 90.0 MPH)
|
|
Batting: LHB Willie Ceniceros
|
0-0: Fly out, F6 (Popup, 6MS, EV 78.8 MPH)
|
| Top of the 1st over - 0 runs, 0 hits, 1 error, 1 left on base; Sacramento 0 - Syracuse 0 |
| BOTTOM OF THE 1ST |
|
Syracuse Chiefs batting - Pitching for Sacramento River Cats : RHP Doug Kennie
|
|
Pitching: RHP Doug Kennie
|
|
|
Batting: RHB Nate Dickinson
|
0-0: Ball 1-0: Swinging Strike 1-1: Called Strike 1-2: Fly out, F3 (Popup, 3SF, EV 80.0 MPH)
|
|
Batting: LHB Kyung-jin Cho
|
0-0: Called Strike 0-1: Ball 1-1: Ground out 6-3 (Groundball, 6, EV 84.4 MPH)
|
|
Batting: LHB Dana McDonald
|
0-0: Ground out 6-3 (Groundball, 6D, EV 106.9 MPH)
|
| Bottom of the 1st over - 0 runs, 0 hits, 0 errors, 0 left on base; Sacramento 0 - Syracuse 0 |
| TOP OF THE 2ND |
|
Sacramento River Cats batting - Pitching for Syracuse Chiefs : RHP Cory Jones
|
|
Batting: LHB Terry Ebersole
|
0-0: Called Strike 0-1: Foul Ball, location: 2F 0-2: Fly out, F8 (Flyball, 8RD, EV 90.0 MPH)
|
|
Batting: RHB Davey Beeson
|
0-0: Foul Ball, location: 2F 0-1: DOUBLE (Line Drive, 3D, EV 95.6 MPH)
|
|
Batting: RHB Laroya Foronda
|
0-0: Fly out, F7 (Flyball, 7, EV 93.8 MPH)
|
|
Batting: RHB Doug Kennie
|
0-0: Ball 1-0: Ball 2-0: Foul Ball, location: 2F 2-1: Called Strike 2-2: Ball 3-2: Strikes out swinging
|
| Top of the 2nd over - 0 runs, 1 hit, 0 errors, 1 left on base; Sacramento 0 - Syracuse 0 |
| BOTTOM OF THE 2ND |
|
Syracuse Chiefs batting - Pitching for Sacramento River Cats : RHP Doug Kennie
|
|
Batting: RHB Ryan Hiemer
|
0-0: Fly out, F9 (Flyball, 9, EV 84.4 MPH)
|
|
Batting: RHB Kevin Wick
|
0-0: SOLO HOME RUN (Flyball, 7D, EV 93.8 MPH), Distance : 351 ft
|
|
Batting: RHB Rene Montoya
|
0-0: Ball 1-0: Called Strike 1-1: Swinging Strike 1-2: Strikes out swinging
|
|
Batting: RHB Niek de Haan
|
0-0: Called Strike 0-1: Ball 1-1: Ball 2-1: SINGLE (Line Drive, 34, EV 96.2 MPH)
|
|
Batting: RHB Brennan Cameron
|
0-0: Ball Niek de Haan steals 2nd base 1-0: Called Strike 1-1: Ball 2-1: Swinging Strike 2-2: Ground out 6-3 (Groundball, 6, EV 110.0 MPH)
|
| Bottom of the 2nd over - 1 run, 2 hits, 0 errors, 1 left on base; Sacramento 0 - Syracuse 1 |
| TOP OF THE 3RD |
|
Sacramento River Cats batting - Pitching for Syracuse Chiefs : RHP Cory Jones
|
|
Batting: RHB Jack Toole
|
0-0: Called Strike 0-1: Ball 1-1: Called Strike 1-2: Strikes out swinging
|
|
Batting: RHB Bill Defazio
|
0-0: Called Strike 0-1: Hit by Pitch
|
|
Batting: LHB Ryan Braden
|
0-0: Called Strike 0-1: 2-RUN HOME RUN (Flyball, 9LD, EV 95.6 MPH), Distance : 347 ft
|
|
Batting: LHB Kevin Kantor
|
0-0: Ball 1-0: Ball 2-0: Ball 3-0: Called Strike 3-1: Fly out, F8 (Flyball, 78S, EV 81.9 MPH)
|
|
Batting: LHB Willie Ceniceros
|
0-0: Ball 1-0: Foul Ball, location: 2F 1-1: Ball 2-1: Ball 3-1: SINGLE (Groundball, 4MD, EV 94.4 MPH)
|
|
Batting: LHB Terry Ebersole
|
0-0: Called Strike 0-1: Ball 1-1: Ball 2-1: Fielders Choice at 2nd, 5-4 (Groundball, 5, EV 81.9 MPH)
|
| Top of the 3rd over - 2 runs, 2 hits, 0 errors, 1 left on base; Sacramento 2 - Syracuse 1 |
| BOTTOM OF THE 3RD |
|
Syracuse Chiefs batting - Pitching for Sacramento River Cats : RHP Doug Kennie
|
|
Batting: RHB Ke-yue Hong
|
0-0: Called Strike 0-1: Swinging Strike 0-2: Foul Ball, location: 2F 0-2: Ground out 6-3 (Groundball, 6, EV 101.9 MPH)
|
|
Batting: RHB Nate Dickinson
|
0-0: Called Strike 0-1: Swinging Strike 0-2: Ground out 6-3 (Groundball, 6, EV 101.9 MPH)
|
|
Batting: LHB Kyung-jin Cho
|
0-0: Ball 1-0: Called Strike 1-1: Fly out, F8 (Flyball, 78D, EV 81.9 MPH)
|
| Bottom of the 3rd over - 0 runs, 0 hits, 0 errors, 0 left on base; Sacramento 2 - Syracuse 1 |
| TOP OF THE 4TH |
|
Sacramento River Cats batting - Pitching for Syracuse Chiefs : RHP Cory Jones
|
|
Batting: RHB Davey Beeson
|
0-0: Ball 1-0: Called Strike 1-1: Called Strike 1-2: Strikes out swinging
|
|
Batting: RHB Laroya Foronda
|
0-0: SINGLE (Flyball, 89S, EV 91.9 MPH)
|
|
Batting: RHB Doug Kennie
|
0-0: Ball Laroya Foronda is caught stealing 2nd base 2-4 1-0: Foul Ball, location: 2F 1-1: Ball 2-1: Ball 3-1: Fly out, F9 (Flyball, 9LM, EV 95.0 MPH)
|
| Top of the 4th over - 0 runs, 1 hit, 0 errors, 0 left on base; Sacramento 2 - Syracuse 1 |
| BOTTOM OF THE 4TH |
|
Syracuse Chiefs batting - Pitching for Sacramento River Cats : RHP Doug Kennie
|
|
Batting: LHB Dana McDonald
|
0-0: Ball 1-0: Ground out U3 (Groundball, 34, EV 81.2 MPH)
|
|
Batting: RHB Ryan Hiemer
|
0-0: Called Strike 0-1: Called Strike 0-2: Strikes out swinging
|
|
Batting: RHB Kevin Wick
|
0-0: Ball 1-0: Called Strike 1-1: Ground out 6-3 (Groundball, 6M, EV 78.8 MPH)
|
| Bottom of the 4th over - 0 runs, 0 hits, 0 errors, 0 left on base; Sacramento 2 - Syracuse 1 |
| TOP OF THE 5TH |
|
Sacramento River Cats batting - Pitching for Syracuse Chiefs : RHP Cory Jones
|
|
Batting: RHB Jack Toole
|
0-0: Foul Ball, location: 2F 0-1: Ball 1-1: Called Strike 1-2: Ball 2-2: Ball 3-2: Base on Balls
|
|
Batting: RHB Bill Defazio
|
0-0: Called Strike 0-1: Swinging Strike 0-2: Strikes out looking
|
|
Batting: LHB Ryan Braden
|
0-0: Called Strike 0-1: Foul Ball, location: 2F 0-2: Foul Ball, location: 2F 0-2: Ball 1-2: SINGLE (Groundball, 56, EV 97.5 MPH) Jack Toole to second
|
|
Batting: LHB Kevin Kantor
|
0-0: Swinging Strike 0-1: Ball 1-1: Ball 2-1: Ball 3-1: Base on Balls Jack Toole to third Ryan Braden to second
|
|
Batting: LHB Willie Ceniceros
|
0-0: Ball 1-0: Foul Ball, location: 2F 1-1: Foul Ball, location: 2F 1-2: Grounds into fielders choice 4-2 (Groundball, P, EV 79.4 MPH) Ryan Braden to third Kevin Kantor to second
|
|
Batting: LHB Terry Ebersole
|
0-0: Ball 1-0: Called Strike 1-1: Ball 2-1: Ball 3-1: Ground out 1-3 (Groundball, 15S, EV 65.6 MPH)
|
| Top of the 5th over - 0 runs, 1 hit, 0 errors, 3 left on base; Sacramento 2 - Syracuse 1 |
| BOTTOM OF THE 5TH |
|
Syracuse Chiefs batting - Pitching for Sacramento River Cats : RHP Doug Kennie
|
|
Batting: RHB Rene Montoya
|
0-0: Ball 1-0: Swinging Strike 1-1: Foul Ball, location: 2F 1-2: Ball 2-2: Ball 3-2: Foul Ball, location: 2F 3-2: Foul Ball, location: 2F 3-2: Foul Ball, location: 2F 3-2: Ground out 5-3 (Groundball, 56, EV 101.2 MPH)
|
|
Batting: RHB Niek de Haan
|
0-0: Called Strike 0-1: Ball 1-1: Foul Ball, location: 2F 1-2: Foul Ball, location: 2F 1-2: Strikes out swinging
|
|
Batting: RHB Brennan Cameron
|
0-0: Ball 1-0: Swinging Strike 1-1: Ball 2-1: Ball 3-1: Base on Balls
|
|
Batting: RHB Ke-yue Hong
|
0-0: Called Strike 0-1: Swinging Strike 0-2: Ball 1-2: Foul Ball, location: 2F 1-2: Ball 2-2: Ball 3-2: Reached on error, E4 (Groundball, 4, EV 85.6 MPH) Brennan Cameron to second
|
|
Batting: RHB Nate Dickinson
|
0-0: Foul Ball, location: 2F 0-1: Called Strike 0-2: Ball 1-2: Ball 2-2: Foul Ball, location: 2F 2-2: Foul Ball, location: 2F 2-2: Foul Ball, location: 2F 2-2: Foul Ball, location: 2F 2-2: Foul Ball, location: 2F 2-2: Foul Ball, location: 2F 2-2: Foul Ball, location: 2F 2-2: Foul Ball, location: 2F 2-2: Ball 3-2: Base on Balls Brennan Cameron to third Ke-yue Hong to second
|
|
Batting: LHB Kyung-jin Cho
|
0-0: Ball 1-0: Ball 2-0: Ball 3-0: Base on Balls Brennan Cameron scores Ke-yue Hong to third Nate Dickinson to second
|
|
Batting: LHB Dana McDonald
|
0-0: Ball 1-0: GRAND SLAM HOME RUN (Flyball, 7D, EV 97.5 MPH), Distance : 372 ft
|
|
Pitching: RHP Taiji Morita
|
|
|
Batting: RHB Ryan Hiemer
|
0-0: Ball 1-0: Called Strike 1-1: Swinging Strike 1-2: SINGLE (Line Drive, 56D, EV 95.0 MPH)
|
|
Batting: RHB Kevin Wick
|
0-0: Ball 1-0: Foul Ball, location: 2F 1-1: Swinging Strike 1-2: Ball Ryan Hiemer is caught stealing 2nd base 2-4
|
| Bottom of the 5th over - 5 runs, 2 hits, 1 error, 0 left on base; Sacramento 2 - Syracuse 6 |
| TOP OF THE 6TH |
|
Sacramento River Cats batting - Pitching for Syracuse Chiefs : RHP Cory Jones
|
|
Batting: RHB Davey Beeson
|
0-0: Called Strike 0-1: Swinging Strike 0-2: Fly out, F9 (Flyball, 9D, EV 98.1 MPH)
|
|
Batting: RHB Laroya Foronda
|
0-0: Ball 1-0: Ball 2-0: Called Strike 2-1: Foul Ball, location: 2F 2-2: Strikes out swinging
|
|
Batting: RHB Doug Kennie
|
0-0: Swinging Strike 0-1: Foul Ball, location: 2F 0-2: Ground out 6-3 (Groundball, 56, EV 88.8 MPH)
|
| Top of the 6th over - 0 runs, 0 hits, 0 errors, 0 left on base; Sacramento 2 - Syracuse 6 |
| BOTTOM OF THE 6TH |
|
Syracuse Chiefs batting - Pitching for Sacramento River Cats : RHP Taiji Morita
|
|
Batting: RHB Kevin Wick
|
0-0: Called Strike 0-1: Foul Ball, location: 2F 0-2: DOUBLE (Flyball, 9LD, EV 96.2 MPH)
|
|
Batting: RHB Rene Montoya
|
0-0: Called Strike 0-1: Foul Ball, location: 2F 0-2: DOUBLE (Line Drive, 7LM, EV 103.8 MPH) Kevin Wick scores
|
|
Batting: RHB Niek de Haan
|
0-0: Swinging Strike 0-1: Ball 1-1: Foul Ball, location: 2F 1-2: Fly out, F3 (Line Drive, 3, EV 71.9 MPH)
|
|
Batting: RHB Brennan Cameron
|
0-0: Ball 1-0: Ball 2-0: Ground out 6-3 (Groundball, 6, EV 86.2 MPH) Rene Montoya to third
|
|
Batting: RHB Ke-yue Hong
|
0-0: Ball 1-0: Called Strike 1-1: Ball 2-1: Called Strike 2-2: Ground out 1-3 (Groundball, 13, EV 68.8 MPH)
|
| Bottom of the 6th over - 1 run, 2 hits, 0 errors, 1 left on base; Sacramento 2 - Syracuse 7 |
| TOP OF THE 7TH |
|
Sacramento River Cats batting - Pitching for Syracuse Chiefs : RHP Cory Jones
|
|
Pitching: RHP Danny Newbegin
|
|
|
Batting: RHB Jack Toole
|
0-0: Called Strike 0-1: Foul Ball, location: 2F 0-2: Ball 1-2: Foul Ball, location: 2F 1-2: Foul Ball, location: 2F 1-2: Foul Ball, location: 2F 1-2: Ball 2-2: Foul Ball, location: 2F 2-2: SINGLE (Groundball, 6M, EV 83.1 MPH) (infield hit)
|
|
Batting: RHB Bill Defazio
|
0-0: Ball 1-0: Foul Ball, location: 2F 1-1: Ball 2-1: Fly out, F8 (Flyball, 8RD, EV 88.1 MPH)
|
|
Batting: LHB Ryan Braden
|
0-0: Called Strike 0-1: Foul Ball, location: 2F 0-2: Foul Ball, location: 2F 0-2: SINGLE (Groundball, 34, EV 95.6 MPH) Jack Toole to second Jack Toole to third
|
|
Batting: LHB Kevin Kantor
|
0-0: Called Strike 0-1: Ball 1-1: Swinging Strike 1-2: Strikes out swinging
|
|
Pitching: LHP James Knapp
|
|
|
Batting: LHB Willie Ceniceros
|
0-0: Ball 1-0: Swinging Strike 1-1: Ball 2-1: Fielders Choice at 2nd, 6-4 (Groundball, 6, EV 110.0 MPH)
|
| Top of the 7th over - 0 runs, 2 hits, 0 errors, 2 left on base; Sacramento 2 - Syracuse 7 |
| BOTTOM OF THE 7TH |
|
Syracuse Chiefs batting - Pitching for Sacramento River Cats : RHP Taiji Morita
|
|
Batting: RHB Nate Dickinson
|
0-0: Ball 1-0: Swinging Strike 1-1: Ball 2-1: Foul Ball, location: 2F 2-2: Ball 3-2: Strikes out swinging
|
|
Batting: LHB Kyung-jin Cho
|
0-0: Foul Ball, location: 2F 0-1: Called Strike 0-2: Ball 1-2: Foul Ball, location: 2F 1-2: SINGLE (Line Drive, 56, EV 100.0 MPH)
|
|
Batting: LHB Dana McDonald
|
0-0: Swinging Strike 0-1: SINGLE (Line Drive, 34, EV 98.8 MPH) Kyung-jin Cho to second Runner from 2nd tries for 3rd, SAFE, throw by RF made to third
|
|
Batting: RHB Ryan Hiemer
|
0-0: Ball 1-0: DOUBLE (Groundball, 5L, EV 107.5 MPH) Kyung-jin Cho scores Dana McDonald to third
|
|
Pitching: LHP Gael Greene
|
|
|
Batting: RHB Kevin Wick
|
0-0: Ball 1-0: Swinging Strike 1-1: Ground out 6-3 (Groundball, 6, EV 108.8 MPH) Dana McDonald scores
|
|
Batting: RHB Rene Montoya
|
0-0: Ball Wild Pitch! Ryan Hiemer to third 1-0: Ball 2-0: Ball 3-0: Base on Balls
|
|
Batting: RHB Niek de Haan
|
0-0: Ball 1-0: Ball 2-0: Foul Ball, location: 2F 2-1: Fly out, F4 (Popup, 4MD, EV 69.4 MPH)
|
| Bottom of the 7th over - 2 runs, 3 hits, 0 errors, 2 left on base; Sacramento 2 - Syracuse 9 |
| TOP OF THE 8TH |
|
Sacramento River Cats batting - Pitching for Syracuse Chiefs : LHP James Knapp
|
|
Batting: LHB Terry Ebersole
|
0-0: Ball 1-0: Called Strike 1-1: Foul Ball, location: 2F 1-2: Strikes out swinging
|
|
Batting: RHB Davey Beeson
|
0-0: Ball 1-0: Called Strike 1-1: Ball 2-1: Foul Ball, location: 2F 2-2: Ball 3-2: Base on Balls
|
|
Batting: RHB Laroya Foronda
|
0-0: Called Strike 0-1: Ball 1-1: Foul Ball, location: 2F 1-2: Grounds into double play, 5-4-3 (Groundball, 56, EV 85.0 MPH)
|
| Top of the 8th over - 0 runs, 0 hits, 0 errors, 0 left on base; Sacramento 2 - Syracuse 9 |
| BOTTOM OF THE 8TH |
|
Syracuse Chiefs batting - Pitching for Sacramento River Cats : LHP Gael Greene
|
|
Batting: RHB Brennan Cameron
|
0-0: Called Strike 0-1: Ball 1-1: DOUBLE (Groundball, 5L, EV 100.6 MPH)
|
|
Batting: RHB Ke-yue Hong
|
0-0: Ball 1-0: Ball 2-0: Swinging Strike 2-1: Foul Ball, location: 2F 2-2: Ground out 5-3 (Groundball, 56S, EV 87.5 MPH)
|
|
Pinch Hitting: SHB Alex Ethridge
|
0-0: Swinging Strike 0-1: Foul Ball, location: 2F 0-2: Foul Ball, location: 2F 0-2: Strikes out swinging
|
|
Batting: LHB Kyung-jin Cho
|
0-0: Called Strike 0-1: Ball 1-1: Foul Ball, location: 2F 1-2: Ball 2-2: Strikes out swinging
|
| Bottom of the 8th over - 0 runs, 1 hit, 0 errors, 1 left on base; Sacramento 2 - Syracuse 9 |
| TOP OF THE 9TH |
|
Sacramento River Cats batting - Pitching for Syracuse Chiefs : LHP James Knapp
|
|
Now in RF: Alex Ethridge
|
|
|
Batting: RHB Doug Kennie
|
0-0: Ball 1-0: Called Strike 1-1: Ground out 6-3 (Groundball, 6, EV 86.9 MPH)
|
|
Batting: RHB Jack Toole
|
0-0: Called Strike 0-1: Ball 1-1: Foul Ball, location: 2F 1-2: Ball 2-2: Strikes out swinging
|
|
Pinch Hitting: LHB J.P. Olson
|
0-0: Called Strike 0-1: Swinging Strike 0-2: Ball 1-2: SINGLE (Line Drive, 6MD, EV 108.8 MPH)
|
|
Batting: LHB Ryan Braden
|
0-0: Ball 1-0: Ball 2-0: Fly out, F9 (Line Drive, 9S, EV 95.6 MPH)
|
| Top of the 9th over - 0 runs, 1 hit, 0 errors, 1 left on base; Sacramento 2 - Syracuse 9 |
|